 Dungeon Crawl Stone Soup version 0.19-a0-1937-g70ed36a (webtiles) character file.

105 HumanBeing the Changer (level 5, -2/37 HPs)
             Began as a Human Transmuter on Oct 26, 2016.
             Killed from afar by Sigmund (8 damage)
             ... with a magic dart
             ... on level 3 of the Dungeon.
             The game lasted 00:07:07 (3119 turns).

HumanBeing the Changer (Human Transmuter)           Turns: 3119, Time: 00:07:08

Health: -2/37      AC:  2    Str: 11    XL:     5   Next: 9%
Magic:  4/8        EV: 20    Int: 14    God:
Gold:   135        SH:  0    Dex: 18    Spells: 2 memorised, 3 levels left

rFire  . . .     SeeInvis .       - Unarmed
rCold  . . .     Gourm    .     (armour currently unavailable)
rNeg   . . .     Faith    .     (shield currently unavailable)
rPois  x         Spirit   .     (helmet currently unavailable)
rElec  .         Reflect  .     (cloak currently unavailable)
rCorr  .         Harm     .     (gloves currently unavailable)
MR     .....                    (boots currently unavailable)
Stlth  ++........               (no amulet)
                                (no ring)
                                (no ring)

@: spider-form (expiring), very slightly contaminated
A: no striking features
a: End Transformation


You were on level 3 of the Dungeon.
You were not hungry.
You were a venomous arachnid creature.
You visited 1 branch of the dungeon, and saw 3 of its levels.

You collected 135 gold pieces.

Inventory:

Missiles
 a - 30 arrows
Armour
 b - a +0 robe (melded)
 n - a +0 cloak (melded)
 s - a +0 pair of gloves (melded)
 v - a +1 helmet (melded)
Wands
 i - a wand of confusion (17/48)
Scrolls
 f - a scroll of amnesia
 k - a scroll of fear {unknown}
 m - a scroll of random uselessness {unknown}
 p - 3 scrolls of fog {unknown}
 q - a scroll of identify {unknown}
 u - a scroll of noise {unknown}
Potions
 e - 3 potions of flight
 h - 2 potions of might {unknown}
 l - a potion of magic {unknown}
 o - a potion of curing
 r - a potion of brilliance {unknown}
 t - a potion of heal wounds {unknown}
Books
 c - a book of Changes

   Spells                             Type                      Level
   a - Beastly Appendage              Transmutation                1
   b - Sticks to Snakes               Transmutation                2
   c - Spider Form                    Transmutation/Poison         3
   d - Ice Form                       Ice/Transmutation            4
   e - Blade Hands                    Transmutation                5
Comestibles
 d - 4 bread rations
 g - 4 fruits
 j - 3 chunks of flesh


   Skills:
 - Level 1.0 Fighting
 - Level 2.0 Dodging
 - Level 3.0 Unarmed Combat
 - Level 2.0 Spellcasting
 + Level 4.8 Transmutations


You had 3 spell levels left.
You knew the following spells:

 Your Spells              Type           Power        Failure   Level  Hunger
b - Sticks to Snakes      Tmut           ###.....     17%         2    ###....
c - Spider Form           Tmut/Pois      #.........   52%         3    ####...


Dungeon Overview and Level Annotations

Branches:
Dungeon (3/15)

Altars:
Elyvilon
Gozag
Ru

Annotations:
D:3 Sigmund


Message History

A magic dart appears from out of thin air!
The magic dart hits you!
You hit something.
You hear some strange, mumbled words.
Something tries to affect you, but you resist.
You barely miss something. Something hits you.
You closely miss something. You hit something. Something hits you!
You closely miss something.
You hear some strange, mumbled words.
A puff of flame appears from out of thin air!
The puff of flame hits you!
* * * LOW HITPOINT WARNING * * *
Something barely misses you.
Okay, then.
Your transformation is almost over.
Something tries to affect you, but you resist.
A magic dart appears from out of thin air!
The magic dart hits you!
You die...

#.# #.# #.# #.#
#.# #.# #.# #.#
#s################
#............$...#
################..


There were no monsters in sight!

Vanquished Creatures
  Robin (D:2)
  An adder (D:3)
  A worm (D:3)
  2 dart slugs
  2 leopard geckos
  3 giant cockroaches
  11 goblins
  12 hobgoblins
  3 bats (D:2)
  3 frilled lizards (D:1)
  5 kobolds
  10 rats
54 creatures vanquished.

Vanquished Creatures (collateral kills)
  3 adders
  A hobgoblin (D:2)
  A frilled lizard (D:2)
  A goblin (D:2)
  A rat (D:2)
7 creatures vanquished.

Grand Total: 61 creatures vanquished

Notes
Turn   | Place    | Note
-------+----------+-------------------------------------------
     0 | D:1      | HumanBeing the Human Transmuter began the quest for the Orb.
     0 | D:1      | Reached XP level 1. HP: 15/15 MP: 3/3
   329 | D:1      | Reached XP level 2. HP: 21/21 MP: 5/5
   336 | D:1      | Learned a level 2 spell: Sticks to Snakes
   608 | D:1      | Reached skill level 3 in Transmutations
  1097 | D:1      | Reached XP level 3. HP: 25/26 MP: 6/6
  1105 | D:1      | Learned a level 3 spell: Spider Form
  1779 | D:2      | Reached skill level 4 in Transmutations
  1779 | D:2      | Reached XP level 4. HP: 11/32 MP: 0/7
  2183 | D:2      | Noticed Robin
  2472 | D:2      | Killed Robin
  2668 | D:2      | Found a sacrificial altar of Ru.
  2820 | D:3      | Found an opulent altar of Gozag.
  2857 | D:3      | Found a white marble altar of Elyvilon.
  2910 | D:3      | Reached XP level 5. HP: 32/37 MP: 5/8
  3089 | D:3      | Noticed Sigmund
  3119 | D:3      | Killed from afar by Sigmund

Vault maps used:
D:1:      dpeg_chamrin_arrival_tetris
D:2:      nicolae_overflow_hidden_temple, first_bread, uniq_robin
D:3:      lemuel_doored_altar, nicolae_gozag_seed_capital, uniq_sigmund

Skill      XL: |  1  2  3 |
---------------+----------+-----
Transmutations | 3 4 |  4.8
Fighting       | |  1.0
Dodging        | |  2.0
Unarmed Combat | |  3.0
Spellcasting   | |  2.0

Action                   |  1- 3 |  4- 6 || total
-------------------------+-------+-------++-------
Melee: Unarmed           |    97 |   121 ||   218
       Punch             |     1 |       ||     1
 Cast: Beastly Appendage |     1 |       ||     1
       Sticks to Snakes  |     4 |     3 ||     7
       Spider Form       |     1 |     3 ||     4
  Use: Potion            |     2 |     1 ||     3
       Scroll            |       |     4 ||     4
 Stab: Distracted        |       |     1 ||     1
  Eat: Chunk             |     3 |     5 ||     8
Armor: Robe              |    21 |    19 ||    40
Dodge: Dodged            |    80 |    73 ||   153
